 Dungeon Crawl Stone Soup version 0.18.1-48-g4cf74bf (webtiles) character file.

1278 theElss the Thaumaturge (level 8, 0/46 HPs)
             Began as a High Elf Conjurer on July 6, 2016.
             Slain by an orc warrior
             ... wielding a +0 dire flail
              (8 damage)
             ... on level 6 of the Dungeon.
             The game lasted 00:23:03 (6324 turns).

theElss the Thaumaturge (High Elf Conjurer)         Turns: 6324, Time: 00:23:03

Health: 0/46       AC:  6    Str: 12    XL:     8   Next: 29%
Magic:  1/22       EV: 16    Int: 18    God:
Gold:   260        SH:  0    Dex: 17    Spells: 4 memorised, 14 levels left

rFire  . . .     SeeInvis .     d - +0 mace
rCold  . . .     Gourm    .     a - +0 robe
rNeg   . . .     Faith    .     (no shield)
rPois  .         Spirit   .     (no helmet)
rElec  .         Dismiss  .     (no cloak)
rCorr  .         Reflect  .     e - +2 pair of gloves {Str+3}
SustAt .         Harm     .     w - +0 pair of boots
MR     .....                    (no amulet)
Stlth  ++........               (no ring)
                                (no ring)

@: not resistant to hostile enchantments, unstealthy
A: no striking features
a: no special abilities


You were on level 6 of the Dungeon.
You were hungry.

You visited 1 branch of the dungeon, and saw 6 of its levels.

You collected 260 gold pieces.

Inventory:

Hand Weapons
 d - a +0 mace (weapon)
Armour
 a - a +0 robe (worn)
 e - a +2 pair of gloves of strength (worn)
 m - a +0 shield
 w - a +0 pair of boots (worn)
Jewellery
 s - a cursed ring of loudness {unknown}
 y - an uncursed ring of protection from magic {unknown}
Wands
 x - a wand of random effects (19/48)
Scrolls
 g - 3 scrolls of noise {unknown}
 h - a scroll of fear {unknown}
 i - 5 scrolls of identify {unknown}
 n - a scroll of enchant weapon {unknown}
 o - 4 scrolls of recharging {unknown}
 v - a scroll of magic mapping {unknown}
Potions
 j - a potion of agility {unknown}
 l - a potion of brilliance {unknown}
 p - a potion of might {unknown}
 r - 2 potions of curing {unknown}
 t - a potion of berserk rage {unknown}
 u - a potion of heal wounds {unknown}
Books
 b - a book of Conjurations

   Spells                             Type                      Level
   a - Magic Dart                     Conjuration                  1
   b - Searing Ray                    Conjuration                  2
   c - Dazzling Spray                 Conjuration/Hexes            3
   d - Fulminant Prism                Conjuration/Hexes            4
   e - Iskenderun's Mystic Blast      Conjuration                  4
   f - Iskenderun's Battlesphere      Conjuration/Charms           5
Comestibles
 c - 4 bread rations
 f - a slice of pizza
 k - 3 meat rations
 q - 3 chunks of flesh


   Skills:
 + Level 5.7 Dodging
 - Level 2.1 Stealth
 + Level 0.1 Shields
 + Level 9.8 Spellcasting
 - Level 4.3 Conjurations


You had 14 spell levels left.
You knew the following spells:

 Your Spells              Type           Power        Failure   Level  Hunger
a - Magic Dart            Conj           ###.         1%          1    None
b - Iskenderun's Battles  Conj/Chrm      ###.....     87%         5    #####..
c - Searing Ray           Conj           ###...       1%          2    None
d - Iskenderun's Mystic   Conj           ###.....     17%         4    ###....


Dungeon Overview and Level Annotations

Branches:
Dungeon (6/15)             Temple (0/1) D:6

Altars:
Dithmenos
Gozag
Nemelex Xobeh

Annotations:
D:3 Rationalist's ghost, amateur FoFi; Sigmund


Message History

The orc warrior is lightly wounded.
The orc warrior barely misses you.
The searing ray misses the orc warrior.
The orc warrior hits you with a dire flail!
* * * LOW HITPOINT WARNING * * *
The searing ray misses the orc warrior.
The orc warrior barely misses you.
The searing ray hits the orc warrior.
The orc warrior is lightly wounded.
The orc warrior closely misses you.
Casting: Searing Ray
Confirm with . or Enter, or press ? or * to list all spells.
Aiming: Iskenderun's Mystic Blast
Press: ? - help, Shift-Dir - straight line, f/p - orc warrior
Aim: an orc warrior, wielding a dire flail and wearing a runed plate armour (lightly wounded)
The orb of energy hits the orc warrior.
The orc warrior is heavily wounded.
The orb of energy explodes!
You are feeling hungry.
The orc warrior hits you with a dire flail!
You die...

####.#.####...
#.........#...
#.........#...
#.........#...
#.............
#.........#...
#####.........#...
#.............####
#@#####.....###
#o# #.....# #)#
####### #.# #!#
#.# #.# #.#


You could see an orc warrior.

Vanquished Creatures
  The ghost of daning the Charmwright, an amateur HESk of Okawaru (D:5)
  Menkaure (D:5)
  A water moccasin (D:5)
  A phantom (D:5)
  3 centaurs
  A howler monkey (D:5)
  A giant frog zombie (D:5)
  A hound (D:4)
  A giant frog skeleton (D:5)
  An orc priest (D:6)
  An iguana (D:5)
  3 orc wizards
  3 worker ants
  Robin (D:2)
  7 adders
  An ooze (D:1)
  5 worms
  3 dart slugs
  5 giant geckos
  16 orcs
  3 ball pythons
  6 giant cockroaches
  16 goblins
  5 hobgoblins
  2 jackals (D:5)
  2 quokkas (D:2)
  7 bats
  A giant gecko skeleton (D:4)
  5 giant newts
  6 kobolds
  A quokka skeleton (D:5)
  A quokka zombie (D:6)
  5 rats
117 creatures vanquished.

Notes
Turn   | Place    | Note
--------------------------------------------------------------
     0 | D:1      | theElss the High Elf Conjurer began the quest for the Orb.
     0 | D:1      | Reached XP level 1. HP: 11/11 MP: 4/4
   572 | D:1      | Reached XP level 2. HP: 12/17 MP: 1/6
   576 | D:1      | Learned a level 2 spell: Searing Ray
   775 | D:1      | Reached skill level 3 in Spellcasting
  1765 | D:2      | Noticed Sigmund
  1778 | D:3      | Reached XP level 3. HP: 17/21 MP: 5/8
  2107 | D:2      | Reached skill level 4 in Spellcasting
  2281 | D:3      | Noticed Rationalist's ghost (amateur FoFi)
  2503 | D:2      | Reached XP level 4. HP: 27/27 MP: 7/11
  2512 | D:2      | Learned a level 4 spell: Iskenderun's Mystic Blast
  2884 | D:2      | Noticed Robin
  2894 | D:2      | Killed Robin
  3021 | D:2      | Found a faded altar to an unknown god.
  3436 | D:4      | Reached skill level 5 in Spellcasting
  3436 | D:4      | Reached XP level 5. HP: 30/31 MP: 8/13
  4040 | D:4      | Found a sparkling altar of Nemelex Xobeh.
  4040 | D:4      | Found an opulent altar of Gozag.
  4040 | D:4      | Found a shadowy altar of Dithmenos.
  4163 | D:5      | Entered Level 5 of the Dungeon
  4169 | D:5      | Reached skill level 6 in Spellcasting
  4231 | D:5      | Reached XP level 6. HP: 36/36 MP: 6/16
  4235 | D:5      | Noticed daning's ghost (amateur HESk)
  4790 | D:5      | Killed daning's ghost
  4790 | D:5      | Reached skill level 7 in Spellcasting
  4790 | D:5      | Reached XP level 7. HP: 29/41 MP: 3/19
  5002 | D:5      | Learned a level 5 spell: Iskenderun's Battlesphere
  5081 | D:5      | Reached skill level 8 in Spellcasting
  5091 | D:5      | Reached skill level 5 in Dodging
  5291 | D:5      | Noticed Menkaure
  5302 | D:5      | Killed Menkaure
  5302 | D:5      | Reached skill level 9 in Spellcasting
  5309 | D:5      | Reached XP level 8. HP: 21/46 MP: 6/22
  6233 | D:6      | Found a staircase to the Ecumenical Temple.
  6324 | D:6      | Slain by an orc warrior

Skill      XL: |  1  2  3  4  5  6  7 |
---------------+----------------------+-----
Spellcasting   | 3 4 5 6 7 9 |  9.8
Dodging        | 3 4 5 |  5.7
Stealth        | |  2.1
Shields        | |  0.1
Conjurations   | |  4.3

Action                   |  1- 3 |  4- 6 |  7- 9 || total
-------------------------+-------+-------+-------++-------
Melee: Unarmed           |     2 |       |       ||     2
       Mace              |       |     1 |       ||     1
 Cast: Magic Dart        |    81 |    99 |    66 ||   246
       Searing Ray       |     1 |    18 |    13 ||    32
       Iskenderun's Myst |       |       |     1 ||     1
  Eat: Chunk             |     5 |     7 |     3 ||    15
       Fruit             |       |       |     1 ||     1
Armor: Robe              |     4 |     8 |     7 ||    19
Dodge: Dodged            |    15 |    27 |    34 ||    76
Block: Shield            |       |     1 |       ||     1
